 Dungeon Crawl Stone Soup version 0.20-a0-613-g92415a4 (webtiles) character file.

2247 Firecrotchwizard the Arsonist (level 9, 0/45 HPs)
             Began as a Deep Elf Fire Elementalist on Feb 8, 2017.
             Was a Follower of Sif Muna.
             Slain by a wraith (10 damage)
             ... on level 7 of the Dungeon on Feb 9, 2017.
             The game lasted 00:35:10 (8203 turns).

Firecrotchwizard the Arsonist (DEFE)                Turns: 8203, Time: 00:35:11

Health: 0/45       AC:  4    Str:  5    XL:     9   Next: 15%
Magic:  4/23       EV: 13    Int: 24    God:    Sif Muna [*.....]
Gold:   475        SH:  0    Dex: 15    Spells: 11/24 levels left

rFire    + . .     SeeInvis .   g - +1 halberd (flame)
rCold    x . .     Gourm    .   a - +0 robe
rNeg     + . .     Faith    .   (shield currently unavailable)
rPois    .         Spirit   .   e - +0 helmet
rElec    .         Reflect  .   A - +0 cloak
rCorr    .         Harm     .   (no gloves)
MR       .....                  (no boots)
Stlth    ++........             (no amulet)
Regen    0.2/turn               D - ring of fire
                                N - ring of positive energy

@: slowed, very slow
A: no striking features
a: Divine Energy, Renounce Religion


You were on level 7 of the Dungeon.
You worshipped Sif Muna.
Sif Muna was aware of your devotion.
You were very hungry.

You visited 1 branch of the dungeon, and saw 7 of its levels.

You collected 475 gold pieces.

Inventory:

Hand Weapons
 d - a +0 whip
 g - a +1 halberd of flaming (weapon)
 i - a +1 dagger of flaming
 k - a +3 whip
 z - the +7 falchion of True Grit {slice, +Rage Dex+5}
   (You found it on level 5 of the Dungeon)

   It inflicts extra damage upon your enemies.
   It affects your dexterity (+5).
   It lets you go berserk.
Missiles
 n - 3 tomahawks of dispersal (quivered)
Armour
 a - a +0 robe (worn)
 e - a +0 helmet (worn)
 y - a +0 buckler
 A - a +0 cloak (worn)
Jewellery
 B - an uncursed ring of stealth
 D - a ring of fire (right hand)
 N - a ring of positive energy (left hand)
Wands
 F - a wand of lightning (12/15)
Scrolls
 j - 7 scrolls of remove curse
 l - a scroll of recharging
 m - 2 scrolls of identify
 o - a scroll of immolation
 r - a scroll of enchant armour {unknown}
 u - a scroll of fear
 K - a scroll of teleportation
 O - a scroll of amnesia {unknown}
Potions
 p - a potion of cancellation {unknown}
 q - 2 potions of degeneration
 s - a potion of brilliance {unknown}
 t - a potion of flight
 w - 2 potions of haste
 x - 2 potions of ambrosia
 C - 2 potions of might {unknown}
 H - a potion of berserk rage {unknown}
 I - a potion of magic {unknown}
 J - 2 potions of lignification {unknown}
 L - a potion of curing {unknown}
 M - a potion of heal wounds {unknown}
Books
 b - a book of Flames

   Spells                             Type                      Level
   a - Flame Tongue                   Conjuration/Fire             1
   b - Throw Flame                    Conjuration/Fire             2
   c - Conjure Flame                  Conjuration/Fire             3
   d - Inner Flame                    Hexes/Fire                   3
   e - Sticky Flame                   Conjuration/Fire             4
   f - Fireball                       Conjuration/Fire             5
 v - a book of Cantrips

   Spells                             Type                      Level
   a - Confusing Touch                Hexes                        1
   b - Animate Skeleton               Necromancy                   1
   c - Summon Small Mammal            Summoning                    1
   d - Apportation                    Translocation                1
 E - a book of Maledictions

   Spells                             Type                      Level
   a - Corona                         Hexes                        1
   b - Ensorcelled Hibernation        Hexes/Ice                    2
   c - Confuse                        Hexes                        3
   d - Tukima's Dance                 Hexes                        3
   e - Dazzling Spray                 Conjuration/Hexes            3
 G - a book of Changes

   Spells                             Type                      Level
   a - Beastly Appendage              Transmutation                1
   b - Sticks to Snakes               Transmutation                2
   c - Spider Form                    Transmutation/Poison         3
   d - Ice Form                       Ice/Transmutation            4
   e - Blade Hands                    Transmutation                5
Comestibles
 c - 3 bread rations
 f - 2 meat rations
 h - 4 fruits


   Skills:
 - Level 2.4 Dodging
 - Level 2.4 Stealth
 + Level 8.0 Spellcasting
 * Level 8.4 Conjurations
 * Level 8.9 Fire Magic


You had 11 spell levels left.
You knew the following spells:

 Your Spells              Type           Power        Failure   Level  Hunger
a - Flame Tongue          Conj/Fire      #####        1%          1    None
b - Conjure Flame         Conj/Fire      ######..     1%          3    None
c - Sticky Flame          Conj/Fire      ######..     1%          4    ##.....
d - Fireball              Conj/Fire      ######....   6%          5    #####..


Dungeon Overview and Level Annotations

Branches:
Dungeon (7/15)             Temple (0/1) D:6

Altars:
Dithmenos
Kikubaaqudgha
Makhleb
Qazlal
Ru
Sif Muna
Trog
Uskayaw
Xom

Shops:
D:7 ((*%

Annotations:
D:6 exclusion: 6 killer bees


Message History

You feel a surge of power!
The flame tongue hits the wraith.
The wraith is heavily damaged.
The wraith misses you.
You are too injured to fight recklessly!
You are too injured to fight recklessly!
You are too injured to fight recklessly!
You closely miss the wraith.
The wraith is heavily damaged.
The wraith misses you. The wraith completely misses you.
You closely miss the wraith.
The wraith is heavily damaged.
The wraith closely misses you. The wraith hits you. The wraith hits you!
* * * LOW HITPOINT WARNING * * *
The wraith drains your vigour!
You feel as though you will be slow longer.
You are feeling very hungry.
You hit the wraith but do no damage.
The wraith is heavily damaged.
The wraith hits you!
You die...

#
#.....#######.########
#. #.....#####...#
##.###.##...........
...................#
#.#....#.##...#.#.#
#...#########
#...8##.#
#...###'#+#+#+#
#....'.@.......
#...###W#+#+#+# #...8
#.# #...# ### #....
#.... #.... ....


You could see a wraith.

Vanquished Creatures
  A hornet (D:7)
  A hippogriff (D:4)
  Edmund (D:6)
  A black bear (D:6)
  5 ogres
  A centaur (D:6)
  A bullfrog (D:7)
  A scorpion (D:5)
  3 centaur zombies
  2 howler monkeys
  A human zombie (D:7)
  A bullfrog zombie (D:6)
  A quasit (D:6)
  A bullfrog skeleton (D:5)
  An orc priest (D:5)
  3 hounds
  A gnoll shaman (D:3)
  5 orc wizards
  2 worker ants
  A howler monkey zombie (D:6)
  20 gnolls
  A howler monkey skeleton (D:5)
  4 adders
  A shadow imp (D:6)
  4 oozes
  3 adder skeletons
  2 worms (D:3)
  3 dart slugs
  4 leopard geckos
  12 orcs
  6 giant cockroaches
  4 goblins
  5 hobgoblins
  24 jackals
  2 quokkas
  2 ball pythons
  9 bats
  3 frilled lizards
  7 kobolds
  A leopard gecko skeleton (D:5)
  A quokka zombie (D:7)
  10 rats
162 creatures vanquished.

Notes
Turn   | Place    | Note
-------+----------+-------------------------------------------
     0 | D:1      | Firecrotchwizard the Deep Elf Fire Elementalist began the quest for the Orb.
     0 | D:1      | Reached XP level 1. HP: 10/10 MP: 6/6
   174 | D:1      | Reached XP level 2. HP: 13/15 MP: 0/8
   622 | D:1      | Reached XP level 3. HP: 19/19 MP: 8/10
   627 | D:1      | Learned a level 3 spell: Conjure Flame
  1412 | D:2      | Found a shimmering altar of Xom.
  1642 | D:2      | Reached XP level 4. HP: 24/24 MP: 11/11
  1690 | D:2      | Found a hide-covered altar of Uskayaw.
  1863 | D:2      | Learned a level 4 spell: Sticky Flame
  1902 | D:3      | Found a shadowy altar of Dithmenos.
  2350 | D:3      | Reached XP level 5. HP: 28/28 MP: 9/13
  2971 | D:3      | Found an ancient bone altar of Kikubaaqudgha.
  3158 | D:3      | Noticed a moth of wrath
  3161 | D:3      | Found a bloodstained altar of Trog.
  3681 | D:3      | Reached XP level 6. HP: 25/32 MP: 10/15
  3862 | D:3      | Reached skill level 5 in Fire Magic
  3924 | D:3      | Reached skill level 5 in Spellcasting
  4060 | D:4      | Noticed a hippogriff
  4072 | D:4      | Killed a hippogriff
  4072 | D:4      | Reached skill level 5 in Conjurations
  4072 | D:4      | Reached XP level 7. HP: 12/36 MP: 4/17
  4737 | D:4      | Found a burning altar of Makhleb.
  4993 | D:5      | Entered Level 5 of the Dungeon
  5297 | D:5      | Reached XP level 8. HP: 41/41 MP: 12/19
  5342 | D:5      | Learned a level 5 spell: Fireball
  5455 | D:5      | Found a deep blue altar of Sif Muna.
  5463 | D:5      | Became a worshipper of Sif Muna the Loreminder
  6087 | D:5      | Got a twisted falchion
  6088 | D:5      | Identified the +7 falchion of True Grit {slice, +Rage Dex+5} (You found it on level 5 of the Dungeon)
  6583 | D:6      | Noticed Edmund
  6588 | D:6      | Killed Edmund
  6599 | D:6      | Reached * piety under Sif Muna
  6674 | D:6      | Found a staircase to the Ecumenical Temple.
  6727 | D:6      | Found a stormy altar of Qazlal.
  6729 | D:6      | Noticed an air elemental
  7117 | D:6      | Found a sacrificial altar of Ru.
  7488 | D:7      | Noticed a hornet
  7492 | D:7      | Killed a hornet
  7492 | D:7      | Reached XP level 9. HP: 45/45 MP: 6/22
  7610 | D:7      | Found Hompuel's Weapon Shoppe.
  7919 | D:7      | Found Sazeq's Food Boutique.
  7991 | D:7      | Found Nuqong's General Store.
  8012 | D:7      | Found Loneng's Antique Weapon Shop.
  8203 | D:7      | Slain by a wraith

Vault maps used:
D:1:      erik_arrival_gehennom
D:2:      overflow_temple_1_default, lemuel_round_altar
D:3:      lemuel_castle_with_subvaults, kiku_gazebo_garden_becter, tgw_trog,
          nicolae_dithmenos_shadow_blocks, chequers_big_river
D:4:      bloody_makhleb, first_bread
D:5:      tgw_sif
D:6:      lemuel_crystal_altar, nicolae_qazlal_style_of_elements,
          minmay_temple_entry_grid, uniq_edmund
D:7:      serial_shops, shop_statue, kennysheep_mini, nicolae_shop_behind_doors,
          nicolae_shop_window_shopping, lemuel_mausoleum_altar_kikubaaqudgha

Skill      XL: |  1  2  3  4  5  6  7  8  9 |
---------------+----------------------------+-----
Conjurations   | 2 3 4 5 6 8 |  8.4
Fire Magic     | 4 5 6 8 |  8.9
Spellcasting   | 4 5 6 7 8 |  8.0
Dodging        | |  2.4
Stealth        | |  2.4

Action                   |  1- 3 |  4- 6 |  7- 9 || total
-------------------------+-------+-------+-------++-------
Melee: Halberd           |    22 |    59 |    30 ||   111
       Whip              |     1 |       |       ||     1
 Cast: Flame Tongue      |    56 |   104 |   148 ||   308
       Conjure Flame     |     2 |       |     4 ||     6
       Sticky Flame      |       |     3 |    29 ||    32
       Fireball          |       |       |     6 ||     6
  Use: Scroll            |     1 |       |     9 ||    10
       Potion            |     1 |       |       ||     1
 Stab: Sleeping          |     1 |       |     1 ||     2
       Distracted        |     1 |       |       ||     1
  Eat: Chunk             |     2 |     4 |     8 ||    14
       Royal jelly       |       |     2 |     2 ||     4
       Fruit             |       |       |     5 ||     5
Armor: Robe              |     6 |    36 |     5 ||    47
Dodge: Dodged            |    25 |    63 |    32 ||   120
